 Dungeon Crawl Stone Soup version 0.16-a0-2145-g6af420d (webtiles) character file.

32130 Kraw the Brawler (level 13, -7/130 HPs)
             Began as a Troll Venom Mage on Nov 11, 2014.
             Was a High Priest of Vehumet.
             Mangled by a wyvern (13 damage)
             ... on level 6 of the Lair of Beasts on Nov 13, 2014.
             The game lasted 01:45:41 (16943 turns).

Kraw the Brawler (Troll Venom Mage)                Turns: 16943, Time: 01:45:43

Health: -7/130     AC: 10    Str: 20    XL:     13   Next: 29%
Magic:  14/14      EV: 10    Int: 17    God:    Vehumet [*****.]
Gold:   769        SH:  0    Dex: 12    Spells: 2 memorised, 10 levels left

rFire  + . .     SeeInvis .       - Unarmed
rCold  + . .     Clarity  .     a - +0 robe
rNeg   . . .     SustAb   .     (shield restricted)
rPois  .         Gourm    +     x - +4 hat of Luoth {Str+1 Dex+2}
rElec  .         Spirit   .     d - +0 cloak "Ajuumi" {Int+2}
rCorr  +         Warding  .     (gloves unavailable)
rMut   .         Stasis   .     (boots unavailable)
MR     +....                    X - amulet of resist corrosion
Stlth  ++........               Z - ring of protection from fire
                                O - ring of protection from magic

@: hasted, very quick, somewhat resistant to hostile enchantments, unstealthy
A: unfitting armour, claws 3, cold resistance 1, fast metabolism 3, gourmand,
regeneration 2, shaggy fur 1, tough skin 2
a: Renounce Religion


You were on level 6 of the Lair of Beasts.
You worshipped Vehumet.
Vehumet was extremely pleased with you.
You were completely stuffed.

You visited 3 branches of the dungeon, and saw 17 of its levels.
You also visited: Ossuary.

You collected 879 gold pieces.
You spent 110 gold pieces at shops.

Inventory:

Hand weapons
 b - a +2 blowgun
Missiles
 o - 5 curare-tipped needles
 v - 52 poisoned needles
 L - 5 javelins
 R - 4 large rocks (quivered)
Armour
 a - a +0 robe (worn)
 d - the +0 cloak "Ajuumi" (worn) {Int+2}
   (You found it on level 1 of the Lair of Beasts)

   It affects your intelligence (+2).
 x - the +4 hat of Luoth (worn) {Str+1 Dex+2}
   (You acquired it on level 10 of the Dungeon)

   It affects your strength (+1).
   It affects your dexterity (+2).
Jewellery
 j - an uncursed ring of teleportation
 u - an uncursed ring of flight
 H - an uncursed ring of protection from cold
 O - a ring of protection from magic (left claw)
 T - an uncursed amulet of regeneration
 X - an amulet of resist corrosion (around neck)
 Z - a ring of protection from fire (right claw)
Magical devices
 i - a wand of cold (4)
 t - a wand of frost (9)
 y - a wand of fire (6)
 G - a wand of cold (7)
 N - a wand of fire (8)
 Q - a wand of paralysis (15)
 U - a wand of disintegration (13)
 Y - a wand of fireball (4)
Scrolls
 e - 14 scrolls of identify
 f - a scroll of enchant armour
 l - 2 scrolls of fear
 m - 10 scrolls of remove curse
 z - 7 scrolls of teleportation
 B - a scroll of amnesia
 C - 2 scrolls of magic mapping
 J - a scroll of fog
 S - a scroll of recharging
Potions
 g - a potion of brilliance
 h - 2 potions of cancellation
 n - 8 potions of curing
 p - 2 potions of invisibility
 q - a potion of haste
 r - 3 potions of heal wounds
 s - a potion of agility
 w - a potion of magic {unknown}
 A - a potion of flight
 D - 5 potions of might
 F - 2 potions of restore abilities
 P - a potion of berserk rage {unknown}
Comestibles
 c - 6 meat rations
 k - 10 bread rations
 E - 8 slices of pizza
 I - 5 beef jerkies
 K - a royal jelly
 M - 36 fruits
 V - 5 chunks of flesh


   Skills:
 + Level 8.8 Fighting
 - Level 1.5 Dodging
 - Level 1.1 Stealth
 + Level 16.0 Unarmed Combat
 - Level 2.7 Spellcasting
 - Level 6.5 Conjurations
 - Level 2.8 Ice Magic
 - Level 3.5 Air Magic
 - Level 2.9 Poison Magic


You had 10 spell levels left.
You knew the following spells:

 Your Spells              Type           Power        Failure   Level  Hunger
b - Mephitic Cloud        Conj/Pois/Air  ###.....     2%          3    ###....
c - Throw Icicle          Conj/Ice       ###.....     9%          4    #####..


Dungeon Overview and Level Annotations

Branches:
Dungeon (10/15)            Temple (1/1) D:5            Lair (6/8) D:8
 Shoals (0/5) Lair:3        Snake (0/5) Lair:5          Orc (0/4) D:10
  Slime: Lair:6-8

Altars:
Ashenzari
Cheibriados
Fedhas
Kikubaaqudgha
Makhleb
Nemelex Xobeh
Qazlal
Ru
Sif Muna
Trog
Vehumet
Zin

Shops:
D:4 !   D:6 }   D:10 !(*[

Annotations:
D:6 exclusion: oklob plant


Innate Abilities, Weirdness & Mutations

You are too large for most types of armour.
You have claws for hands.
Your metabolism is lightning-fast.
You like to eat raw meat.
You heal very quickly.
You are covered in fur (AC +1).
You have very tough skin (AC +2).
Your flesh is cold resistant.


Message History

* * * LOW HITPOINT WARNING * * *
The hippogriff pecks you.
* * * LOW HITPOINT WARNING * * *
The hippogriff claws you but does no damage.
Found 25 gold pieces.
Drink which item? (? for menu, Esc to quit)
You feel much better. The wyvern bites you!
* * * LOW HITPOINT WARNING * * *
The hippogriff completely misses you. The hippogriff pecks you!
* * * LOW HITPOINT WARNING * * *
The hippogriff barely misses you.
Drink which item? (? for menu, Esc to quit)
You feel yourself speed up. The wyvern bites you!
* * * LOW HITPOINT WARNING * * *
The griffon bites you!
* * * LOW HITPOINT WARNING * * *
The griffon pecks you but does no damage.
The griffon claws you but does no damage.
The wyvern bites you!
You die...

##.P...#.P .$. .......>
#...<.......... .........
####.....####.... .........
#..#...#.# #.... P.P#.#...
###...#### #...# #... #.#.#.#
#.... ##.. ###.### #P..##
##.. #.# ##...# #P.. #.#
#..@.## ##.: ##.## ##HDH.#
..# #... #...# ##.Yl.## ...
#.#.( #..## #...Y## ###.##
##... ###..# #...†## .#..
#P.. #....# #####PP†.#
##..##### #..
##...###P###.P.##
#...#.#.#....
##..##..##†P†..###.#.........
#.............P##†...........


You could see a griffon, a hippogriff, a basilisk, a wyvern and 2 sheep.

Vanquished Creatures
  Gastronok (D:8)
  A hydra (Lair:6)
  A hill giant (D:10)
  6 elephants (Lair:5)
  12 spiny frogs
  4 black mambas
  2 komodo dragons
  2 fire drakes (Lair:6)
  A two-headed ogre (D:8)
  3 trolls
  10 blink frogs
  5 slime creatures (D:10)
  4 basilisks
  3 deep elf magi (D:10)
  3 wyverns (Lair:6)
  A human (D:7)
  A hog (D:7)
  38 yaks
  3 nagas (Lair:5)
  5 hungry ghosts
  8 hippogriffs
  5 wolves (Lair:3)
  Edmund (D:6)
  8 porcupines
  3 water moccasins
  A black bear (D:9)
  3 eyes of draining (D:6)
  6 orc warriors
  12 ice beasts
  2 phantoms (D:10)
  A sky beast (D:8)
  3 ogres
  10 crocodiles
  3 centaurs
  Sigmund (D:7)
  A necrophage (D:8)
  A gnoll sergeant (D:8)
  An elf zombie (Ossuary)
  A big kobold (D:8)
  3 wyvern zombies
  Blork the orc (D:8)
  14 giant frogs
  7 killer bees (D:9)
  A scorpion (D:4)
  A troll zombie (D:10)
  2 crimson imps
  2 electric eels
  2 gnoll shamans
  A quasit (D:10)
  2 giant frog skeletons
  2 giant frog zombies
  Crazy Yiuf (D:2)
  An orc priest (D:10)
  10 hounds
  2 centaur skeletons
  7 orc wizards
  8 iguanas
  4 worker ants
  6 sheep
  2 killer bee zombies
  7 ogre zombies (D:10)
  2 hound skeletons
  3 mummies (Ossuary)
  A worker ant zombie (D:5)
  21 gnolls
  18 adders
  30 green rats
  A worm zombie (D:5)
  A giant mite (D:7)
  A worm (D:3)
  2 adder zombies (Ossuary)
  The ghost of asdu the Ruffian, a weakling VSTm (D:3)
  6 giant geckos
  An ooze (D:5)
  31 orcs
  6 ball pythons (D:2)
  18 bats
  6 giant cockroaches
  14 hobgoblins
  5 jackals
  12 quokkas
  4 giant newts
  16 goblins
  A goblin skeleton (D:10)
  8 goblin zombies
  8 hobgoblin zombies
  16 kobolds
  2 kobold zombies (Ossuary)
  5 orc skeletons (D:10)
  11 orc zombies
  4 quokka zombies (Ossuary)
  14 rats
  A rat zombie (Ossuary)
533 creatures vanquished.

Vanquished Creatures (others)
  A sheep (Lair:6)
  3 fungi (Lair:5)
4 creatures vanquished.

Grand Total: 537 creatures vanquished

Notes
Turn   | Place    | Note
--------------------------------------------------------------
     0 | D:1      | Kraw, the Troll Venom Mage, began the quest for the Orb.
     0 | D:1      | Reached XP level 1. HP: 16/16 MP: 2/2
   108 | D:1      | Reached skill level 1 in Unarmed Combat
   254 | D:1      | Reached XP level 2. HP: 24/24 MP: 2/2
   789 | D:2      | Reached XP level 3. HP: 31/31 MP: 3/3
   807 | D:2      | Reached skill level 3 in Unarmed Combat
  1065 | D:2      | Reached XP level 4. HP: 33/39 MP: 4/4
  1072 | D:2      | Reached skill level 4 in Unarmed Combat
  1528 | D:2      | Noticed Crazy Yiuf
  1554 | D:2      | Killed Crazy Yiuf
  1554 | D:2      | Reached XP level 5. HP: 42/45 MP: 2/4
  1803 | D:2      | Reached skill level 5 in Unarmed Combat
  1923 | D:3      | Upgraded the game from 0.16-a0-2072-gc0ac6de to 0.16-a0-2145-g6af420d
  2041 | D:3      | Reached skill level 6 in Unarmed Combat
  2041 | D:3      | Reached XP level 6. HP: 43/53 MP: 5/5
  2124 | D:3      | Noticed asdu's ghost (weakling VSTm)
  2138 | D:3      | Killed asdu's ghost
  2583 | D:4      | Found Guempalo's Distillery.
  2588 | D:4      | Bought a potion of heal wounds for 60 gold pieces
  2588 | D:4      | Bought a potion of curing for 36 gold pieces
  2765 | D:4      | Reached skill level 7 in Unarmed Combat
  2821 | D:4      | Reached XP level 7. HP: 59/59 MP: 5/5
  2828 | D:4      | Learned a level 3 spell: Mephitic Cloud
  3110 | D:4      | Reached skill level 1 in Conjurations
  3647 | D:5      | Entered Level 5 of the Dungeon
  3661 | D:5      | Reached skill level 1 in Air Magic
  3679 | D:5      | Found a burning altar of Makhleb.
  3683 | D:5      | Found a blossoming altar of Fedhas.
  3688 | D:5      | Found an ancient bone altar of Kikubaaqudgha.
  3849 | D:5      | Found a staircase to the Ecumenical Temple.
  3862 | Temple   | Entered the Ecumenical Temple
  3873 | Temple   | Became a worshipper of Vehumet
  3917 | D:5      | Found a sand-covered staircase.
  3948 | Ossuary  | Entered an ossuary
  4136 | Ossuary  | Acquired Vehumet's first power
  4136 | Ossuary  | Offered knowledge of Flame Tongue by Vehumet.
  4528 | D:5      | Reached XP level 8. HP: 67/67 MP: 4/6
  4850 | D:6      | Found a bloodstained altar of Trog.
  5047 | D:6      | Noticed Edmund
  5071 | D:6      | Killed Edmund
  5071 | D:6      | Reached skill level 5 in Conjurations
  5265 | D:6      | Found a blossoming altar of Fedhas.
  5285 | D:6      | Noticed an oklob plant
  5371 | D:6      | Found Klabeuh's Gadget Shoppe.
  5570 | D:6      | Found a shattered altar of Ashenzari.
  5670 | D:6      | Reached XP level 9. HP: 51/74 MP: 7/7
  6054 | D:7      | Found a stormy altar of Qazlal.
  6126 | D:7      | Gained mutation: Your flesh is cold resistant. [potion of beneficial mutation]
  6193 | D:7      | Offered knowledge of Shock by Vehumet.
  6232 | D:7      | Reached skill level 8 in Unarmed Combat
  6324 | D:7      | Noticed Sigmund
  6421 | D:7      | Killed Sigmund
  6570 | D:8      | Noticed Gastronok
  6867 | D:8      | Killed Gastronok
  6867 | D:8      | Reached skill level 10 in Unarmed Combat
  7068 | D:8      | Reached skill level 11 in Unarmed Combat
  7068 | D:8      | Reached XP level 10. HP: 81/81 MP: 7/7
  7189 | D:8      | Found a sparkling altar of Nemelex Xobeh.
  7228 | D:8      | Found a radiant altar of Vehumet.
  7461 | D:8      | Noticed Blork the orc
  7473 | D:8      | Killed Blork the orc
  7507 | D:8      | Found a staircase to the Lair.
  7514 | D:8      | Offered knowledge of Inner Flame by Vehumet.
  7770 | D:8      | Acquired Vehumet's second power
  8006 | D:9      | Reached skill level 12 in Unarmed Combat
  8214 | D:9      | Offered knowledge of Fulminant Prism by Vehumet.
  8514 | D:9      | Reached skill level 13 in Unarmed Combat
  8817 | D:9      | Acquired Vehumet's third power
  9041 | D:9      | Reached XP level 11. HP: 67/88 MP: 7/7
  9139 | D:10     | Entered Level 10 of the Dungeon
  9152 | D:10     | Offered knowledge of Throw Icicle by Vehumet.
  9159 | D:10     | Learned a level 4 spell: Throw Icicle
  9163 | D:10     | Found Wigri's Distillery.
  9199 | D:10     | Bought a potion of poison for 14 gold pieces
  9323 | D:10     | Identified 2 scrolls of acquirement
  9324 | D:10     | Got a steaming hat
  9335 | D:10     | Identified the -2 hat of Zeowkaic {Str+2 Dex+2} (You acquired it on level 10 of the Dungeon)
  9349 | D:10     | Got a twisted hat
  9360 | D:10     | Identified the +4 hat of Luoth {Str+1 Dex+2} (You acquired it on level 10 of the Dungeon)
  9423 | D:10     | Found Klaow's Weapon Emporium.
  9448 | D:10     | Reached skill level 14 in Unarmed Combat
  9493 | D:10     | Noticed a hill giant
  9602 | D:10     | Killed a hill giant
  9685 | D:10     | Found Kimacien's Assorted Antiques.
  9797 | D:10     | Found a staircase to the Orcish Mines.
  9909 | D:10     | Offered knowledge of Irradiate by Vehumet.
 10152 | D:10     | Reached skill level 15 in Unarmed Combat
 10408 | D:10     | Found a sacrificial altar of Ru.
 10481 | D:10     | Found Poegor's Antique Armour Boutique.
 10701 | Lair:1   | Entered Level 1 of the Lair of Beasts
 10780 | Lair:1   | Got a warped cloak
 10791 | Lair:1   | Identified the +0 cloak "Ajuumi" {Int+2} (You found it on level 1 of the Lair of Beasts)
 10882 | Lair:1   | Reached skill level 1 in Ice Magic
 11538 | Lair:1   | Reached XP level 12. HP: 88/96 MP: 13/13
 12327 | Lair:2   | Reached skill level 1 in Fighting
 13395 | Lair:3   | Found a staircase to the Shoals.
 13468 | Lair:3   | Reached skill level 5 in Fighting
 14233 | Lair:4   | Offered knowledge of Conjure Ball Lightning by Vehumet.
 15397 | Lair:5   | Found a staircase to the Snake Pit.
 15737 | Lair:5   | Reached XP level 13. HP: 106/127 MP: 14/14
 16782 | Lair:6   | Offered knowledge of Poisonous Cloud by Vehumet.
 16908 | Lair:6   | Reached skill level 16 in Unarmed Combat
 16941 | Lair:6   | HP: 5/130 [hippogriff (2)]
 16943 | Lair:6   | Mangled by a wyvern

Action                   |  1- 3 |  4- 6 |  7- 9 | 10-12 | 13-15 || total
-------------------------+-------+-------+-------+-------+-------++-------
Melee: Unarmed           |   102 |   174 |   379 |   928 |   117 ||  1700
 Fire: Blowgun           |       |       |    17 |    21 |     7 ||    45
Throw: Tomahawk          |     4 |    20 |    60 |   110 |       ||   194
       Large rock        |       |       |    14 |    34 |     7 ||    55
 Cast: Sting             |       |    22 |    47 |    10 |       ||    79
       Mephitic Cloud    |       |       |     9 |    48 |     7 ||    64
       Throw Icicle      |       |       |       |    21 |     3 ||    24
Evoke: Wand              |       |       |       |     4 |     3 ||     7
  Use: Scroll            |       |       |    10 |    21 |       ||    31
       Potion            |       |       |     1 |     1 |     3 ||     5
 Stab: Sleeping          |     1 |       |       |       |     1 ||     2
       Confused          |       |       |     2 |    15 |     3 ||    20
  Eat: Chunk             |    13 |    19 |    38 |    97 |    13 ||   180
       Pizza             |       |       |       |     3 |       ||     3
